AoeStats
← DEMLOUDBOYZ

Coastal Forest

510716559Analyzed
4v4 RM · 2d ago on Oct 2, 2026· 16m 44s· 8 players
Game mode
Random Map
Map size
Large (8 player)
Population
200
Speed
Normal
Resources
Standard
Victory
Conquest
Starting age
Dark Age
Ending age
Imperial Age
RankedLock teamsTeams togetherTeam positionsShared explorationLock speedFull tech treeHidden civsTurbo modeCheats
Victory
Defeat
🇨🇳 Vietnamese · China
1647
+9
🇺🇸 Cumans · United States
1636
+9
🇩🇪 Maya · Germany
1422
+17
🇺🇸 Hindustanis · United States
1406
+18
🇳🇱 Armenians · Netherlands
1521
-15
🇨🇳 Magyars · China
1509
-15
🇨🇳 Wu · China
1446
-12
🇮🇳 Tatars · India
1411
-11
Rien
9:16 Loom
11:01 Feudal Age
15:00 Castle Age
12:59 Double-Bit Axe
14:55 Horse Collar
15:56 Bow Saw
17:09 Squires
很蓝的啦
7:30 Loom
9:37 Feudal Age
10:47 Double-Bit Axe
11:10 Gold Mining
11:49 Horse Collar
B1GDUCK69
10:05 Feudal Age
10:33 Double-Bit Axe
14:26 Horse Collar
小心,有诈。
9:53 Feudal Age
13:50 Castle Age
13:00 Double-Bit Axe
DEMLOUDBOYZ
10:32 Feudal Age
14:31 Castle Age
12:37 Double-Bit Axe
12:41 Fishing Lines
13:29 Horse Collar
15:27 Scale Barding Armor
16:15 Forging
16:43 Husbandry
Herr Paschulke
0:31 Loom
9:49 Feudal Age
13:32 Castle Age
12:51 Fletching
13:00 Gold Mining
13:00 Double-Bit Axe
13:32 Gold Mining
13:48 Stone Mining
17:05 Bodkin Arrow
Ohlan100
6:15 Loom
8:59 Feudal Age
9:29 Double-Bit Axe
9:53 Horse Collar
13:38 Forging
14:46 Scale Barding Armor
16:11 Bloodlines
Long-Long-Way
6:52 Loom
10:06 Feudal Age
10:56 Double-Bit Axe
14:12 Fletching
15:26 Padded Archer Armor
Connection lost

Rejoining the realm…

Still unreachable

The connection could not be restored.

Session expired

The server has moved on; the page needs a fresh start.